Unix NetHack Version 5.0.0-0 post-release - last build Jun 10 2026 00:39:30 (3ee93aec679c4c4259841fe613dc97188e26a321,branch:main).

Game began 2026-07-11 10:34:51, ended 2026-07-11 12:16:42.

BATTLEMODE, chaotic female elven Wizard

                                   ---
                                   -..|
                                   ...--
                                   ....|
                                   ....----
                                  -..[....|
                                  |...).>.--
                                  |.--)%...|
                                     |.)..<|
                                     |ddd-.|
                                     --@| .|
                                      ---  -


                                         1

BATTLEMODE the Thaumaturge  St:11 Dx:10 Co:16 In:14 Wi:17 Ch:10  Chaotic
Dlvl:5  $:250 HP:0(57) Pw:46(116) AC:1  Xp:7 T:5260  Satiated

Latest messages:
 The dwarf picks up a thonged club.
 The gnome shoots 2 crossbow bolts!
 The 1st crossbow bolt misses the pony.
 You are hit by the 1st crossbow bolt.
 The 2nd crossbow bolt hits the pony.
 The pony misses the dwarf.
 The pony misses the dwarf.
 You hit the dwarf.
 The pony misses the dwarf.
 The pony misses the dwarf.
 You hit the dwarf!
 The pony hits the dwarf.
 The pony bites the dwarf.
 The dwarf is killed!
 You fail to cast the spell correctly.
 The pony misses the gnome.
 The pony bites the gnome.
 You swap places with your pony.
 You see here 2 crossbow bolts.
 The gnome swings her crossbow.
 The gnome hits!
 You kill the gnome!
 You swap places with your pony.
 C - a purple-red potion.
 A wolf suddenly appears close by!
 A wolf suddenly appears close by!
 A wolf suddenly appears next to you!
 Pick a monster, object or location.
 You hit the wolf.
 The wolf bites!
 You hit the wolf!
 The wolf misses!
 The wolf bites!
 You fail to cast the spell correctly.
 The wolf bites!
 The wolf misses!
 You hit the wolf!
 The wolf bites!
 The wolf bites!
 The wolf bites!
 You hit the wolf.
 The wolf bites!
 The wolf bites!
 The wolf bites!
 You die...
 Do you want your possessions identified? [ynq] (y) y
 Do you want to see your attributes? [ynq] (y) y
 Do you want an account of creatures vanquished? [ynaq] (y) y
 Do you want to see your conduct and achievements? [ynq] (y) y
 Do you want to see the dungeon overview? [ynq] (y) y

Inventory:
 Coins    ('$')
  $ - 250 gold pieces
 Weapons  (')')
  D - 8 poisoned +0 crossbow bolts (in quiver pouch)
  E - a blessed +0 crossbow
  a - a blessed +1 quarterstaff (weapon in hands)
 Armor    ('[')
  K - an uncursed +0 pair of iron shoes (being worn)
  b - an uncursed +0 cloak of magic resistance (being worn)
  l - a blessed +0 mummy wrapping
  w - an uncursed +0 dwarvish mithril-coat (being worn)
 Comestibles  ('%')
  v - a cursed food ration
  t - an uncursed lembas wafer
 Scrolls  ('?')
  q - an uncursed scroll of blank paper
  k - an uncursed scroll of destroy armor
  s - an uncursed scroll of enchant weapon
  R - an uncursed scroll of identify
  J - an uncursed scroll of magic mapping
  i - an uncursed scroll of remove curse
  z - an uncursed scroll of teleportation
 Potions  ('!')
  B - a cursed potion of enlightenment
  V - a blessed potion of object detection
  C - an uncursed potion of oil
  h - an uncursed potion of restore ability
  g - an uncursed potion of sickness
 Rings    ('=')
  d - an uncursed ring of slow digestion (on right hand)
  Y - an uncursed ring of teleportation
  e - an uncursed ring of warning (on left hand)
 Wands    ('/')
  c - a wand of probing (0:6)
  m - a wand of probing (0:5)
  f - a wand of slow monster (0:4)
 Tools    ('(')
  y - a bag of tricks (0:3)
  F - an uncursed leash
  n - a magic marker (0:20)
  G - a +0 pick-axe
  x - a cursed skeleton key
  S - an uncursed towel
 Gems/Stones  ('*')
  M - 3 uncursed worthless pieces of orange glass
  p - an uncursed worthless piece of red glass
  H - 2 uncursed touchstones

BATTLEMODE the Wizard's attributes:

Background:
 You were a Thaumaturge, a level 7 female elven Wizard.
 You were chaotic, on a mission for Anhur
 who was opposed by Ptah (lawful) and Thoth (neutral).
 You were right-handed.
 You were in the Gnomish Mines, on level 5.
 You entered the dungeon 5260 turns ago.
 You had 1091 experience points, 189 more were needed to attain level 8.

Basics:
 You had 0 out of 57 hit points.
 You had 46 out of 116 energy points (spell power).
 Your armor class was 1.
 Your wallet contained 250 zorkmids.
 Autopickup was off.

Final Characteristics:
 Your strength was 11 (limit:18).
 Your dexterity was 10 (peak:14, limit:18).
 Your constitution was 16 (limit:16).
 Your intelligence was 14 (limit:20).
 Your wisdom was 17 (limit:20).
 Your charisma was 10 (limit:18).

Final Status:
 You were satiated.
 You were unencumbered.
 You were wielding a quarterstaff.
 You were skilled in quarterstaff.

Final Attributes:
 You were piously aligned.
 You were magic-protected.
 You were sleep resistant.
 You were warned.
 You had infravision.
 You had slower digestion.
 You were guarded.
 Your spell casting was impaired by metallic armor.
 You are dead.

Miscellaneous:
 You didn't encounter any bones levels.
 Total elapsed playing time was 1 hour, 41 minutes and 49 seconds.

Major events:
 Turn
    1: BATTLEMODE the chaotic female elven Wizard entered the dungeon
 1444: entered the Gnomish Mines
 1452: attained the rank of Conjurer (level 3)
 2006: attained the rank of Thaumaturge (level 6)
 3374: entered Sokoban
 5260: killed by a wolf

Spells:
 Name                 Level Category     Fail Retention
 force bolt             1   attack        46%   71%-75%
 wizard lock            2   matter        94%   51%-75%
 charm monster          5   enchantment  100%  91%-100%

Skills:
 Fighting Skills
   bare handed combat [Unskilled]
   riding             [Unskilled]
 Weapon Skills
   dagger             [Unskilled]
   knife              [Unskilled]
   axe                [Unskilled]
   short sword        [Unskilled]
   club               [Unskilled]
   mace               [Unskilled]
   quarterstaff       [Skilled]
   polearms           [Unskilled]
   spear              [Unskilled]
   trident            [Unskilled]
   sling              [Unskilled]
   dart               [Unskilled]
   shuriken           [Unskilled]
 Spellcasting Skills
   attack spells      [Skilled]
   healing spells     [Unskilled]
   divination spells  [Unskilled]
   enchantment spells [Basic]
   clerical spells    [Unskilled]
   escape spells      [Unskilled]
   matter spells      [Unskilled]

Voluntary challenges:
 Character rerolling was not enabled.
 You never genocided any monsters.
 You never polymorphed an object.
 You never changed form.
 You used no wishes.
 You did not violate any of the special Sokoban rules.
Achievements:
 You entered a shop.
 You entered the Gnomish Mines.
 You attained the rank of Conjurer.
 You attained the rank of Thaumaturge.
 You entered Sokoban.

 The Dungeons of Doom: levels 1 to 8
    Level 1:
       Some fountains.
    Level 2: "shop, altar"
       A food shop, an altar, a fountain.
       Stairs down to The Gnomish Mines.
    Level 3:
    Level 4:
    Level 5:
       Many fountains.
       Oracle of Delphi.
    Level 6:
       An altar to Anhur.
       Stairs up to Sokoban, level 5.
    Level 7:
       A fountain, a grave.
    Level 8:
 The Gnomish Mines: levels 3 to 5
    Level 3:
    Level 4:
    Level 5: <- You were here.
       Final resting place for
          you, killed by a wolf.
 Sokoban:
    Level 5:
       Unsolved.


Vanquished creatures:
  a wolf
 an iron piercer
  a dwarf mummy
  a brown pudding
  a dingo
  2 dogs
  a housecat
  a jaguar
  a snake
  a mountain nymph
  4 Uruk-hai
 an orc shaman
  2 yellow lights
  4 gnome leaders
  a gnomish wizard
  a kobold mummy
  3 elf zombies
  5 giant ants
  a little dog
  a floating eye
  a kitten
  8 dwarves
  2 homunculi
 11 hill orcs
  5 rothes
  2 rabid rats
  a giant bat
  2 dwarf zombies
  2 iguanas
  3 acid blobs
  2 hobbits
  a hobgoblin
  a giant rat
  a cave spider
  2 yellow molds
 20 gnomes
  3 gnome zombies
  a gecko
  3 jackals
  a fox
  a kobold
  3 goblins
  a sewer rat
  a grid bug
  4 bats
  6 lichens
  7 newts
129 creatures vanquished.

No species were genocided or became extinct.

Game over:
                       ----------
                      /          \
                     /    REST    \
                    /      IN      \
                   /     PEACE      \
                  /                  \
                  |    BATTLEMODE    |
                  |      250 Au      |
                  | killed by a wolf |
                  |                  |
                  |                  |
                  |                  |
                  |       2026       |
                 *|     *  *  *      | *
        _________)/\\_//(\/(/\)/\//\/|_)_______

Goodbye BATTLEMODE the Wizard...

You died in The Gnomish Mines on dungeon level 5 with 4969 points,
and 250 pieces of gold, after 5260 moves.
You were level 7 with a maximum of 57 hit points when you died.

